 Dungeon Crawl Stone Soup version 0.19.1 (console) character file.

2093 Kloppie the Carver (level 9, -8/60 HPs)
             Began as a Black Draconian Berserker on Dec 16, 2016.
             Was an Elder of Trog.
             Mangled by a wraith (10 damage)
             ... on level 7 of the Dungeon.
             The game lasted 00:08:43 (5471 turns).

Kloppie the Carver (Black Draconian Berserker)      Turns: 5471, Time: 00:08:44

Health: -8/60      AC:  8    Str: 22    XL:     9   Next: 7%
Magic:  9/9        EV: 13    Int:  6    God:    Trog [****..]
Gold:   346        SH:  0    Dex: 13    Spells: 0 memorised, 8 levels left

rFire  . . .     SeeInvis .     a - +0 falchion
rCold  . . .     Gourm    .     (armour unavailable)
rNeg   . . .     Faith    .     (no shield)
rPois  .         Spirit   .     (helmet restricted)
rElec  +         Reflect  .     l - +0 cloak
rCorr  .         Harm     .     (no gloves)
MR     +....                    (no boots)
Stlth  +.........               (no amulet)
                                (no ring)
                                (no ring)

@: exhausted, slowed, very slow
A: breathe lightning, unfitting armour, dopey 1, frail 2, magic resistance 1,
electricity resistance, strong 1, cold-blooded, AC +7
a: Breathe Lightning, Berserk, Trog's Hand, Brothers in Arms, Burn Spellbooks,
Renounce Religion


You were on level 7 of the Dungeon.
You worshipped Trog.
Trog was greatly pleased with you.
You were not hungry.

You visited 1 branch of the dungeon, and saw 7 of its levels.

You collected 346 gold pieces.

Inventory:

Hand Weapons
 a - a +0 falchion (weapon)
Armour
 l - a +0 cloak (worn)
Jewellery
 o - an uncursed ring of wizardry {unknown}
 w - a cursed ring of teleportation {unknown}
Wands
 t - a wand of iceblast (6/15)
 x - a wand of acid (9/15)
 y - a wand of slowing (31/48)
Scrolls
 c - 4 scrolls of magic mapping {unknown}
 d - 5 scrolls of teleportation {unknown}
 f - a scroll of fear {unknown}
 h - 3 scrolls of amnesia {unknown}
 i - 2 scrolls of enchant weapon {unknown}
 j - 10 scrolls of identify {unknown}
 k - 2 scrolls of random uselessness {unknown}
 n - 2 scrolls of recharging {unknown}
 q - 4 scrolls of remove curse {unknown}
 s - 4 scrolls of noise {unknown}
 u - 2 scrolls of blinking {unknown}
Potions
 e - 2 potions of curing
 r - a potion of magic
 B - a potion of invisibility
Comestibles
 b - 6 bread rations
 g - 5 meat rations
 m - 5 fruits
 p - a slice of pizza
 v - 4 beef jerkies


   Skills:
 + Level 6.1 Fighting
 - Level 11.2 Long Blades
 - Level 2.6 Dodging


You had 8 spell levels left.
You didn't know any spells.

Dungeon Overview and Level Annotations

Branches:
Dungeon (7/15)             Temple (0/1) D:4

Altars:
Elyvilon
Fedhas
Gozag
Kikubaaqudgha
Makhleb
Nemelex Xobeh
Okawaru
Ru
Sif Muna
Trog
Vehumet
The Shining One


Innate Abilities, Weirdness & Mutations

You can breathe wild blasts of lightning.
Your glossy black scales are hard. (AC +7)
You cannot fit into any form of body armour.
You are resistant to electric shocks. (rElec)
You are cold-blooded and may be slowed by cold attacks.
You are dopey. (Int -2)
You are very frail. (-20% HP)
You are resistant to hostile enchantments. (MR+)
Your muscles are strong. (Str +2)


Message History

The wraith closely misses you.
You slash the orc!
You kill the orc!
Trog accepts your kill. The wraith hits you but does no damage.
The wraith barely misses you.
Items here: )) [[ a hand axe; a leather armour; a glaive; a plate armour You feel a strong urge to attack something.
You feel yourself speed up.
You are no longer berserk.
You are exhausted.
You feel yourself slow down. The wraith hits you!
* * * LOW HITPOINT WARNING * * *
The wraith drains your vigour!
You feel as though you will be slow longer.
You feel better. The mummy hits you!
* * * LOW HITPOINT WARNING * * *
The wraith barely misses you. The wraith hits you!
You die...

###.........###
....###.........
#######.#>######
#..#.# ##.##..
##..# ### ###
#..## +.+ ##.##
#.### #..####
+@W.# ###.#...##
# #.###
.##.#....###.#


+M+ ..#.#......^.# #.### #.#.#...####.# '.'.# ....##### .###.###
#.##########.#.'.'_# #.......#....###.### #####......#.#.'.'.# You could see a
wraith and a mummy.

Vanquished Creatures
  A wraith (D:7)
  A water moccasin (D:7)
  An ice beast (D:4)
  An orc warrior (D:7)
  2 ogres
  A phantom (D:5)
  2 centaurs
  A bullfrog (D:4)
  An elf skeleton (D:7)
  3 scorpions
  A crimson imp (D:3)
  A bullfrog zombie (D:6)
  4 hounds
  A gnoll shaman (D:5)
  2 human zombies (D:7)
  2 jellies
  4 orc priests
  A bullfrog skeleton (D:7)
  2 orc wizards (D:5)
  An iguana (D:5)
  7 worker ants
  A hound skeleton (D:4)
  3 gnolls (D:5)
  4 adders
  A shadow imp (D:6)
  3 dart slugs
  4 worms
  3 leopard geckos
  28 orcs
  3 ball pythons
  5 bats
  6 giant cockroaches
  9 hobgoblins
  2 jackals (D:1)
  6 kobolds
  3 frilled lizards
  9 goblins
  A leopard gecko zombie (D:5)
  An orc zombie (D:7)
  7 rats
139 creatures vanquished.

Vanquished Creatures (others)
  A frilled lizard (D:1)
1 creature vanquished.

Grand Total: 140 creatures vanquished

Notes
Turn   | Place    | Note
-------+----------+-------------------------------------------
     0 | D:1      | Kloppie the Draconian Berserker began the quest for the Orb.
     0 | D:1      | Reached XP level 1. HP: 19/19 MP: 1/1
   129 | D:1      | Reached XP level 2. HP: 19/26 MP: 2/2
   331 | D:1      | Reached skill level 4 in Long Blades
   629 | D:2      | Reached XP level 3. HP: 31/31 MP: 3/3
   646 | D:2      | Reached ** piety under Trog
   868 | D:2      | Found a radiant altar of Vehumet.
   868 | D:2      | Found a burning altar of Makhleb.
   902 | D:2      | Found a faded altar of an unknown god.
  1080 | D:3      | Noticed an ogre
  1087 | D:3      | Killed an ogre
  1087 | D:3      | Reached skill level 5 in Long Blades
  1087 | D:3      | Reached XP level 4. HP: 38/38 MP: 4/4
  1087 | D:3      | Reached XP level 5. HP: 45/45 MP: 5/5
  1155 | D:3      | Found an iron altar of Okawaru.
  1235 | D:3      | Reached skill level 6 in Long Blades
  1305 | D:3      | Found a sacrificial altar of Ru.
  1660 | D:3      | Found a bloodstained altar of Trog.
  1912 | D:4      | Found a staircase to the Ecumenical Temple.
  1931 | D:4      | Reached XP level 6. HP: 26/51 MP: 6/6
  2043 | D:4      | Found a deep blue altar of Sif Muna.
  2206 | D:4      | Reached skill level 7 in Long Blades
  2456 | D:4      | Reached skill level 8 in Long Blades
  2676 | D:4      | Your scales start taking on a glossy black colour.
  2676 | D:4      | Reached XP level 7. HP: 57/57 MP: 7/7
  2676 | D:4      | Gained mutation: You are resistant to electric shocks. (rElec) [Black Draconian growth]
  3271 | D:5      | Entered Level 5 of the Dungeon
  3317 | D:5      | Reached skill level 9 in Long Blades
  3688 | D:5      | Reached *** piety under Trog
  3860 | D:5      | Reached XP level 8. HP: 35/63 MP: 8/8
  4078 | D:5      | Reached skill level 10 in Long Blades
  4145 | D:5      | Gained mutation: You are frail. (-10% HP) [potion of mutation]
  4145 | D:5      | Gained mutation: You are very frail. (-20% HP) [potion of mutation]
  4145 | D:5      | Gained mutation: Your muscles are strong. (Str +2) [potion of mutation]
  4156 | D:5      | Gained mutation: You are dopey. (Int -2) [potion of mutation]
  4156 | D:5      | Gained mutation: You are resistant to hostile enchantments. (MR+) [potion of mutation]
  4361 | D:6      | Found a white marble altar of Elyvilon.
  4618 | D:6      | Found a sparkling altar of Nemelex Xobeh.
  4619 | D:6      | Found an opulent altar of Gozag.
  4689 | D:6      | Found a glowing golden altar of the Shining One.
  4695 | D:6      | Found a blossoming altar of Fedhas.
  4918 | D:7      | Reached **** piety under Trog
  4920 | D:7      | Reached skill level 11 in Long Blades
  5358 | D:7      | Found an ancient bone altar of Kikubaaqudgha.
  5380 | D:7      | Reached skill level 5 in Fighting
  5426 | D:7      | Reached XP level 9. HP: 8/60 MP: 9/9
  5470 | D:7      | HP: 2/60 [mummy (14)]
  5471 | D:7      | Mangled by a wraith

Skill      XL: |  1  2  3  4  5  6  7  8  9 |
---------------+----------------------------+-----
Long Blades    | 4 5 6 8 9 11 | 11.2
Fighting       | 5 6 |  6.1
Dodging        | |  2.6

Action                   |  1- 3 |  4- 6 |  7- 9 || total
-------------------------+-------+-------+-------++-------
Melee: Falchion          |   104 |   116 |   320 ||   540
       Tailslap          |    11 |    20 |    57 ||    88
Invok: Berserk           |     1 |     3 |     8 ||    12
       Trog's Hand       |       |       |     1 ||     1
  Use: Potion            |       |       |    11 ||    11
  Eat: Chunk             |     1 |     7 |    15 ||    23
       Meat ration       |       |       |     1 ||     1
Armor: Skin              |    40 |    29 |    66 ||   135
Dodge: Dodged            |    58 |    59 |   139 ||   256
       Rpst.: Falchion   |    15 |    26 |    44 ||    85
